 Dungeon Crawl Stone Soup version 0.26-a0-712-ga5a9c9c9d0 (webtiles) character file.

Game seed: 18083871371376732714

786 Inarius the Chopper (level 7, -1/94 HPs)
             Began as a Palentonga Fighter on Nov 3, 2020.
             Slain by Sigmund
             ... wielding a +1 vorpal scythe
              (7 damage)
             ... on level 5 of the Dungeon.
             The game lasted 00:07:14 (4753 turns).

Inarius the Chopper (Palentonga Fighter)            Turns: 4753, Time: 00:07:15

Health: -1/94      AC: 23    Str: 21    XL:     7   Next: 56%
Magic:  7/7        EV:  1    Int:  9    God:
Gold:   313        SH:  9    Dex:  9    Spells: 6/6 levels left

rFire    + . .     SeeInvis +   a - +0 war axe
rCold    + . .     Faith    .   c - +0 kite shield
rNeg     + + +     Spirit   .   (armour currently unavailable)
rPois    +         Reflect  .   (helmet currently unavailable)
rElec    +         Harm     .   (cloak currently unavailable)
rCorr    +         Rampage  .   (gloves currently unavailable)
MR       .....     NoTele   +   (no barding)
Stlth    +.........             i - amulet of the acrobat
HPRegen  0.25/turn              (no ring)
MPRegen  0.10/turn              (no ring)

@: mighty, tree-form, resistant, acrobat, stab, hasted, very quick
A: large, rugged brown scales 3, see invisible
a: no special abilities


You were on level 5 of the Dungeon.
You were a tree.
You visited 1 branch of the dungeon, and saw 5 of its levels.

You collected 313 gold pieces.

Inventory:

Hand Weapons
 a - a +0 war axe (weapon)
Missiles
 n - a throwing net (quivered)
Armour
 c - a +0 kite shield (worn)
 s - a +0 helmet (melded)
 v - a +0 chain mail (melded)
Jewellery
 i - an amulet of the acrobat (around neck)
Scrolls
 e - 9 scrolls of identify {unknown}
 f - 4 scrolls of enchant weapon {unknown}
 g - 2 scrolls of enchant armour {unknown}
 j - a scroll of fear {unknown}
 k - a scroll of amnesia {unknown}
 l - 7 scrolls of remove curse {unknown}
 m - 2 scrolls of immolation {unknown}
 o - a scroll of fog {unknown}
 q - 2 scrolls of noise {unknown}
 r - a scroll of magic mapping {unknown}
 u - a scroll of teleportation {unknown}
Potions
 p - a potion of haste


   Skills:
 + Level 4.2 Fighting
 * Level 6.8 Axes
 + Level 3.7 Armour
 - Level 0.2 Dodging
 + Level 3.2 Shields


You had 6 spell levels left.
You didn't know any spells.
Your spell library was empty.

Dungeon Overview and Level Annotations

Branches:
Dungeon (5/15)
 Temple: D:4-7

Altars:
Fedhas
Kikubaaqudgha
Okawaru
Wu Jian

Annotations:
D:5 Sigmund


Innate Abilities, Weirdness & Mutations

(You are completely covered in rugged brown scales. (AC +3, +7% HP))
You have supernaturally acute eyesight. (SInv)
((Armour fits poorly on your strangely shaped body.))
((You can roll at foes to attack.))
((You have a long armoured tail.))
((You curl defensively after being hit.))


Message History

You feel ready to backstab. Sigmund hits you but does no damage.
You hit Edmund.
You kill Edmund!
You aren't carrying any items that you can evoke.
Unknown command.
Unknown command.
Sigmund hits you but does no damage.
You cannot move.
Sigmund casts a spell at you. You resist with some effort.
Sigmund hits you but does no damage.
Sigmund hits you from afar with a +1 vorpal scythe.
* * * LOW HITPOINT WARNING * * *
x2 Sigmund hits you but does no damage.
Sigmund laughs darkly.
Sigmund hits you but does no damage. Sigmund hits you but does no damage.
Sigmund hits you from afar with a +1 vorpal scythe!
You die...

...#...###.##
...#........#...
...+........#...
...#........#...
...#........# .. .
...#........###'## ..
...########+#....######...
...............)..........
................♣.........
..........................
......)...........@.......
###......##'##'##.........
#......#...#..#.........
#......#...#..#.........
#......#...#..#.........
#......#...#..#.........
#......#####..#..?......


You could see Sigmund.

Vanquished Creatures
  Edmund (D:5)
  A howler monkey (D:5)
  A jelly (D:5)
  An orc priest (D:4)
  6 orc wizards
  Jessica (D:2)
  An iguana (D:5)
  A worker ant (D:4)
  A hound skeleton (D:5)
  Robin (D:4)
  A howler monkey skeleton (D:5)
  6 gnolls
  9 adders
  A white imp (D:5)
  3 ufetubi (D:5)
  An adder skeleton (D:4)
  3 worms
  2 dart slugs
  4 leopard geckos
  7 orcs
  5 giant cockroaches
  13 goblins
  14 hobgoblins
  9 jackals
  12 kobolds
  2 ball pythons
  11 bats
  3 frilled lizards
  A quokka skeleton (D:4)
  6 rats
128 creatures vanquished.

Notes
Turn   | Place    | Note
-------+----------+-------------------------------------------
     0 | D:1      | Inarius the Palentonga Fighter began the quest for the Orb.
     0 | D:1      | Reached XP level 1. HP: 20/20 MP: 1/1
   201 | D:1      | Reached XP level 2. HP: 23/27 MP: 2/2
   648 | D:1      | Reached XP level 3. HP: 30/33 MP: 3/3
  1288 | D:2      | Reached skill level 3 in Axes
  1295 | D:2      | Reached XP level 4. HP: 33/40 MP: 4/4
  1606 | D:2      | Noticed Jessica
  1611 | D:2      | Killed Jessica
  1700 | D:2      | Reached XP level 5. HP: 44/48 MP: 5/5
  2018 | D:2      | Reached skill level 4 in Axes
  2659 | D:3      | Found a blossoming altar of Fedhas.
  3106 | D:4      | Found an ornate altar of the Wu Jian Council.
  3149 | D:4      | Found an iron altar of Okawaru.
  3152 | D:4      | Noticed Robin
  3185 | D:4      | Killed Robin
  3492 | D:4      | Reached XP level 6. HP: 55/55 MP: 6/6
  3498 | D:4      | Reached skill level 5 in Axes
  4069 | D:5      | Entered Level 5 of the Dungeon
  4158 | D:5      | Reached skill level 6 in Axes
  4158 | D:5      | Gained mutation: You curl defensively after being hit.
                  | [Palentonga growth]
  4158 | D:5      | Reached XP level 7. HP: 63/63 MP: 7/7
  4248 | D:5      | Found an ancient bone altar of Kikubaaqudgha.
  4704 | D:5      | Noticed Edmund
  4709 | D:5      | Noticed Sigmund
  4732 | D:5      | HP: 3/63 [Sigmund/+1 vorpal scythe (5)]
  4737 | D:5      | Killed Edmund
  4744 | D:5      | HP: 4/94 [Sigmund/+1 vorpal scythe (1)]
  4753 | D:5      | Slain by Sigmund

Illustrated notes

Levels and vault maps discovered:
D:1:      minmay_arrival_four_circles, layout_basic, minmay_tetromino_t2
D:2:      minmay_alternating_diamond, layout_loops_ring, uniq_jessica
D:3:      layout_loops_ring, fedhas_altar_1
D:4:      layout_basic, okawaru_trees_1, nicolae_overflow_crystal_walls,
          uniq_robin
D:5:      layout_gridville, kiku_gazebo_garden_becter, kennysheep_little_box,
          xom_redecorated, uniq_sigmund, uniq_edmund

Skill      XL: |  1  2  3  4  5  6 |
---------------+-------------------+-----
Axes           | 3 4 6 |  6.8
Armour         | 3 |  3.7
Shields        | 3 |  3.2
Fighting       | 4 |  4.2
Dodging        | |  0.2

Action                   |  1- 3 |  4- 6 |  7- 9 || total
-------------------------+-------+-------+-------++-------
Melee: War axe           |   136 |   205 |    60 ||   401
       Tailslap          |     9 |    22 |     6 ||    37
 Abil: Rolling Charge    |     9 |    32 |     5 ||    46
  Use: Potion            |       |       |     5 ||     5
Armor: Scale mail        |    66 |    82 |     4 ||   152
       Chain mail        |       |       |    33 ||    33
       Skin              |       |       |     7 ||     7
Dodge: Dodged            |    40 |    50 |    10 ||   100
Block: Kite shield       |    78 |    99 |    45 ||   222

Table legend: (Time is in decaauts)
 A = Elapsed time spent in this place.
 B = Non-inter-level travel time spent in this place.
 C = Inter-level travel time spent in this place.
 D = Time resting spent in this place.
 E = Time spent auto-exploring this place.
 F = Levels seen in this place.
 G = Mean time per level.
                   A        B        C        D        E       F      G
               +--------+--------+--------+--------+--------+-----+--------+
         Total |   4905 |   4814 |     91 |    507 |   3411 |   5 |  981.0 |
       Dungeon |   4905 |   4814 |     91 |    507 |   3411 |   5 |  981.0 |
               +--------+--------+--------+--------+--------+-----+--------+

Top non-repeatable levels by time:
     D:4: 1312 daAuts
     D:1: 1279 daAuts
     D:2: 1029 daAuts
     D:3: 657 daAuts
     D:5: 626 daAuts
